 Dungeon Crawl Stone Soup version 0.18-a0-486-gab6c0bd (webtiles) character file.

928 M4edhros the Covert (level 8, -3/48 HPs)
             Began as an Octopode Artificer on Dec 2, 2015.
             Was a Follower of Fedhas.
             Killed themself with a badly aimed fireball (13 damage)
             ... on level 6 of the Dungeon.
             The game lasted 00:09:04 (5177 turns).

M4edhros the Covert (Octopode Artificer)            Turns: 5177, Time: 00:09:04

Health: -3/48      AC:  1    Str: 11    XL:     8   Next: 11%
Magic:  13/13      EV: 12    Int: 13    God:    Fedhas [*.....]
Gold:   267        SH:  0    Dex: 12    Spells: 0 memorised, 7 levels left

rFire  . . .     SeeInvis .     j - +0 dagger (speed)
rCold  . . .     Clarity  .     (no shield)
rNeg   . . .     SustAt   .     (helmet restricted)
rPois  .         Gourm    .     p - amulet of dismissal
rElec  .         Spirit   .     t - -3 ring of intelligence (curse)
rCorr  .         Dismiss  +     (no ring)
rMut   .         Stasis   .     (no ring)
MR     .....                    (no ring)
Stlth  +++.......               (no ring)
                                (no ring)
                                (no ring)
                                (no ring)

@: glowing, not resistant to hostile enchantments, fairly stealthy
A: almost no armour, amphibious, 8 rings, constrict 8, camouflage 1, gelatinous
body 1
a: Evolution, Renounce Religion


You were on level 6 of the Dungeon.
You worshipped Fedhas.
Fedhas was aware of your devotion.
You were not hungry.

You visited 2 branches of the dungeon, and saw 7 of its levels.

You collected 267 gold pieces.

Inventory:

Hand Weapons
 a - a +0 short sword
 j - a +0 dagger of speed (weapon)
Missiles
 i - 200 stones (quivered)
 u - 44 sling bullets
 w - a throwing net
Jewellery
 p - an amulet of dismissal (around mantle)
 t - a cursed -3 ring of intelligence (left tentacle)
Wands
 b - a wand of flame (5)
 c - a wand of enslavement (6)
 d - a wand of random effects (11)
 n - a wand of confusion (20)
Scrolls
 g - 2 scrolls of remove curse
 h - 2 scrolls of enchant weapon
 m - 4 scrolls of noise {unknown}
 o - 2 scrolls of fog
 q - 5 scrolls of teleportation
 r - a scroll of amnesia {unknown}
 s - a scroll of magic mapping {unknown}
 y - 2 scrolls of blinking
 z - a scroll of recharging {unknown}
Potions
 f - a potion of heal wounds
 k - 2 potions of agility
 v - a potion of beneficial mutation {unknown}
 A - a potion of cure mutation {unknown}
Comestibles
 e - 2 bread rations


   Skills:
 - Level 1.0 Fighting
 - Level 1.0 Short Blades
 - Level 2.0 Dodging
 + Level 9.1 Stealth
 + Level 7.7 Evocations


You had 7 spell levels left.
You didn't know any spells.

Dungeon Overview and Level Annotations

Branches:
Dungeon (6/15)             Temple (1/1) D:4

Altars:
Ashenzari
Dithmenos
Elyvilon
Fedhas
Gozag
Kikubaaqudgha
Makhleb
Nemelex Xobeh
Okawaru
Qazlal
Ru
Trog
Vehumet
Xom
Zin


Innate Abilities, Weirdness & Mutations

You cannot wear most types of armour.
You are amphibious.
You can wear up to eight rings at the same time.
You can use your tentacles to constrict eight enemies at once.
Your skin changes colour to match your surroundings (Stealth).
Your rubbery body absorbs attacks (AC +1).


Message History

The worker ant misses you.
You barely miss the worker ant. Your grab misses the worker ant.
The worker ant is lightly wounded.
The worker ant bites you!
* * * LOW HITPOINT WARNING * * *
You are too injured to fight recklessly!
You are too injured to fight recklessly!
You are too injured to fight recklessly!
You are too injured to fight recklessly!
Drink which item? (? for menu, Esc to quit)
Okay, then.
Evoke which item? (* to show all) (? for menu, Esc to quit)
Zapping:
d - a wand of random effects (11)
Press: ? - help, Shift-Dir - straight line, f - worker ant
Aim: a worker ant (lightly wounded, haloed)
The fireball explodes!
The fireball engulfs the worker ant.
You kill the worker ant!
The fireball engulfs you!
You die...
Fedhas appreciates your contribution to the ecosystem.

######### ##.......##
#...._....#
#..#####..######
##..#...#..#....#
########...#.A.#.......###
...ffff....#...#.....[....
#########..#####@.#....###
#...._....#....#
##.......###......
######### ...... ......
...## ######## ....
#......###...# #####
#......#......


You could see an angel (confused).

Vanquished Creatures
  A black bear (D:6)
  An ogre (D:5)
  3 worker ants
  Crazy Yiuf (D:4)
  A giant frog skeleton (D:6)
  2 iguanas (D:4)
  4 orc wizards
  3 hound skeletons
  A mummy (D:4)
  A worker ant zombie (D:4)
  4 river rats (D:3)
  2 gnolls (D:3)
  7 adders
  An ooze (D:3)
  An adder skeleton (D:6)
  2 giant geckos
  9 orcs
  4 giant cockroaches
  4 hobgoblins
  9 bats
  4 giant newts
  4 goblins
  4 kobolds
  2 kobold zombies (D:4)
  2 orc zombies (D:4)
  3 quokkas
  4 rats
84 creatures vanquished.

Vanquished Creatures (collateral kills)
  A giant frog (D:6)
  An ogre (D:4)
  2 scorpions (D:5)
  A giant frog skeleton (D:6)
  An orc priest (D:4)
  An orc wizard (D:5)
  2 adders
  An adder skeleton (D:5)
  2 orcs (D:5)
  A giant cockroach (D:6)
  A rat (D:2)
14 creatures vanquished.

Vanquished Creatures (others)
  A wandering mushroom (D:5)
  A centaur (D:6)
  An orc priest (D:4)
  A hound (D:6)
  A plant (D:3)
  46 toadstools
51 creatures vanquished.

Grand Total: 149 creatures vanquished

Notes
Turn   | Place    | Note
--------------------------------------------------------------
     0 | D:1      | M4edhros the Octopode Artificer began the quest for the Orb.
     0 | D:1      | Reached XP level 1. HP: 13/13 MP: 3/3
   154 | D:1      | Reached XP level 2. HP: 9/18 MP: 4/4
   836 | D:2      | Reached skill level 4 in Evocations
   836 | D:2      | Reached XP level 3. HP: 23/23 MP: 4/6
  1511 | D:3      | Found an ancient bone altar of Kikubaaqudgha.
  1603 | D:4      | Reached XP level 4. HP: 28/28 MP: 7/7
  1729 | D:4      | Found a staircase to the Ecumenical Temple.
  1746 | Temple   | Entered the Ecumenical Temple
  1802 | Temple   | Became a worshipper of Fedhas Madash
  1837 | D:4      | Reached skill level 5 in Evocations
  1837 | D:4      | Reached XP level 5. HP: 9/33 MP: 8/8
  2103 | D:3      | Reached skill level 5 in Stealth
  2829 | D:3      | Reached skill level 6 in Stealth
  2829 | D:3      | Reached XP level 6. HP: 35/38 MP: 10/10
  3599 | D:4      | Reached * piety under Fedhas
  3651 | D:4      | Noticed Crazy Yiuf
  3658 | D:4      | Killed Crazy Yiuf
  3658 | D:4      | Reached skill level 7 in Stealth
  3765 | D:5      | Entered Level 5 of the Dungeon
  3795 | D:5      | Reached XP level 7. HP: 18/43 MP: 11/11
  3919 | D:5      | Reached skill level 8 in Stealth
  4212 | D:5      | Found a sparkling altar of Nemelex Xobeh.
  4880 | D:6      | Reached XP level 8. HP: 21/48 MP: 13/13
  5124 | D:6      | Found a shimmering altar of Xom.
  5124 | D:6      | Found a glowing silver altar of Zin.
  5125 | D:6      | Noticed an angel
  5138 | D:6      | Reached skill level 9 in Stealth
  5177 | D:6      | Killed themself with a badly aimed fireball

Vault maps used:
D:1:      minmay_arrival_arboretum_small
D:2:      first_bread
D:3:      wad_woods_stonehenge
D:4:      minmay_temple_entry_glass, minmay_curled_crystal, minmay_mini_ossuary,
          uniq_crazy_yiuf_cottage
D:5:      nemelex_diamond_rough_becter
D:6:      grunt_temple_overflow_order_and_chaos_1
Temple:   nicolae_temple_god_jail

Action                   |  1- 3 |  4- 6 |  7- 9 || total
-------------------------+-------+-------+-------++-------
Melee: Short sword       |    61 |   126 |    35 ||   222
       Dagger            |       |       |    35 ||    35
Invok: Evolution         |       |       |     5 ||     5
Evoke: Wand              |     2 |    13 |     8 ||    23
  Use: Scroll            |     1 |     6 |     2 ||     9
       Potion            |     7 |     5 |     3 ||    15
 Stab: Sleeping          |     7 |     9 |     1 ||    17
       Distracted        |       |     2 |       ||     2
       Paralysed         |       |     1 |       ||     1
  Eat: Meat ration       |       |     1 |       ||     1
       Bread ration      |       |     1 |     1 ||     2
